Cogmind - Beta 17.1 @@@ ROGUE MODE // 2026.09.15 @ 11:00:38 Player: jimmyl Result: Sacrificed to X0-1V1 Performance ------------- Evolutions (0) 0 Regions Visited (1) 200 Robots Destroyed (23) 115 Value Destroyed (553) 553 Prototype IDs (2) 40 Alien Tech Used (0) 0 Bonus (0) 0 TOTAL SCORE: 908 Bonus ------- None Cogmind --------- Core Integrity 0/250 Matter 278/300 Energy 250/250 System Corruption 0% Temperature Cool (0) Movement Treading (160) Location -10/Materials Parts ------- > --- POWER (1) -------- Ion Engine > --- PROPULSION (2) --- Light Treads Light Treads > --- UTILITY (2) ------ Improved Heat Sink Large Storage Unit > --- WEAPON (2) ------- Beam Cannon Beam Cannon > --- INVENTORY (15) --- Wheel Wheel Large Storage Unit Large Matter Pod (150) Core Shielding Utility Shielding Beam Cannon Beam Cannon Grenade Launcher Peak State ------------ > --- POWER ------------ Ion Engine > --- PROPULSION ------- Light Treads Light Treads > --- UTILITY ---------- Improved Heat Sink Large Storage Unit > --- WEAPON ----------- Beam Cannon Beam Cannon > --- INVENTORY -------- Light Treads Wheel Wheel Large Storage Unit Large Matter Pod Core Shielding Utility Shielding Beam Cannon Beam Cannon Grenade Launcher [Rating: 10] Favorites ----------- Power Light Ion Engine Engine Light Ion Engine Propulsion Light Treads Treads Light Treads Leg Aluminum Leg Utility Improved Heat Sink Device Improved Heat Sink Storage Large Storage Unit Processor Transport Network Coupler Weapon Beam Cannon Energy Gun Small Laser Energy Cannon Beam Cannon Launcher Grenade Launcher Build | -11 -10 ------- Run | Yrd Mat Slots Evolved . | . . Power . | . . Propulsion . | . . Utility . | . . Weapon . | . . Parts Attached 13 | . 13 Power 1 | . 1 Engine 1 | . 1 Core . | . . Reactor . | . . Propulsion 4 | . 4 Treads 4 | . 4 Leg . | . . Wheel . | . . Hover . | . . Flight . | . . Utility 3 | . 3 Device 1 | . 1 Storage 1 | . 1 Processor 1 | . 1 Hackware . | . . Protection . | . . Artifact . | . . Weapon 5 | . 5 Energy Gun 2 | . 2 Energy Cannon 2 | . 2 Ballistic Gun . | . . Ballistic Cannon . | . . Launcher 1 | . 1 Special Weapon . | . . Impact Weapon . | . . Slashing Weapon . | . . Piercing Weapon . | . . Special Melee Weapon . | . . Unidentified Prototypes . | . . Parts Lost 1 | . 1 Power . | . . Propulsion 1 | . 1 Utility . | . . Weapon . | . . Highest Loss Streak 1 | . 1 To Critical Strikes . | . . Average Backups 8 | . 8 Power . | . . Propulsion 2 | . 2 Utility 2 | . 2 Weapon 2 | . 2 Tool/Special . | . . Unused Backups 14 | . 14 Power 1 | . 1 Propulsion 4 | . 4 Utility 6 | . 6 Weapon 3 | . 3 Tool/Special . | . . Average Slot Usage (%) 98 | . 98 Engine 14 | . 14 Treads 25 | . 25 Leg 2 | . 2 Device 8 | . 8 Storage 14 | . 14 Processor 4 | . 4 Energy Gun 11 | . 11 Energy Cannon 16 | . 16 Peak Build Rating 10 | . 10 Average Rating 8 | . 8 On Entrance 6 | 6 6 Avg Prop Armor Cover (%) . | . . Naked Turns . | . . Heaviest Build 32 | 10 32 Greatest Support 40 | 20 40 Greatest Overweight (x) . | . . Average Overweight (x) . | . . Largest Inventory Capacity 15 | . 15 Average Capacity 11 | . 11 Most Carried 10 | . 10 Average Carried 8 | . 8 Final Capacity 15 | 8 15 Final Carried 9 | 6 9 Class Distribution -------------------- 100% | Mutant Dominant Class ---------------- Mutant | -10/Materials Resources | -11 -10 ----------- Run | Yrd Mat Matter Collected 553 | 200 353 Remotely . | . . Salvage Created 584 | . 584 Parts 39 | . 39 Haulers Intercepted 2 | . 2 Recyclers Shooed 2 | . 2 Parts Field Recycled . | . . Retrieved Matter . | . . Parts Self-Destructed . | . . Prevented . | . . Parts Restored . | . . Kills | -11 -10 ------- Run | Yrd Mat Combat Hostiles Destroyed 16 | . 16 Guns 2 | . 2 Cannons 7 | . 7 AOE 6 | . 6 Classes Destroyed 7 | . 7 Worker 1 | . 1 Tunneler 1 | . 1 Hauler 2 | . 2 Operator 1 | . 1 Watcher 2 | . 2 Swarmer 6 | . 6 Grunt 10 | . 10 Best Kill Streak 4 | . 4 Combat Bots Only 4 | . 4 Max Kills in Single Turn 3 | . 3 Gunslinging . | . . Exploded 3 | . 3 Melee . | . . Uniques/NPCs Destroyed . | . . Combat | -11 -10 -------- Run | Yrd Mat Hostile Shots Fired 57 | . 57 Missed 9 | . 9 Hits 48 | . 48 Projectile 48 | . 48 Damage Taken 584 | . 584 Core 126 | . 126 Absorbed by Shields . | . . Core Remaining (%) 100 | 100 . Volleys Fired 73 | . 73 Largest 2 | . 2 Hottest 120 | . 120 Shots Fired 142 | . 142 Gun 54 | . 54 Cannon 82 | . 82 Launcher 6 | . 6 Special . | . . Kinetic . | . . Thermal 136 | . 136 Explosive 6 | . 6 Electromagnetic . | . . Robot Hit Streak 14 | . 14 Robot Miss Streak 3 | . 3 Penetration Max . | . . Secondary Targets . | . . Shots Hit Robots 81 | . 81 Core Hits 27 | . 27 Critical Kills . | . . Critical Parts Destroyed . | . . Critical Strikes . | . . Melee Attacks . | . . Impact . | . . Slashing . | . . Piercing . | . . Sneak Attacks . | . . Combat Hostiles . | . . Follow-up Attacks . | . . Damage Inflicted 1565 | . 1565 Guns 412 | . 412 Cannons 757 | . 757 Explosions 383 | . 383 Melee . | . . Ramming 13 | . 13 Kinetic . | . . Thermal 1169 | . 1169 Explosive 383 | . 383 Electromagnetic . | . . Impact . | . . Slashing . | . . Piercing . | . . Highest Corruption . | . . Average Corruption . | . . Corruption Purged . | . . Corruption Blocked . | . . Overload Shots . | . . Overflow Damage 37 | . 37 Projectiles 5 | . 5 Explosions 32 | . 32 Melee . | . . Knockbacks . | . . Impact . | . . Kinetic . | . . Secondary . | . . Self-Inflicted Damage 74 | . 74 Shots 2 | . 2 Rammed 3 | . 3 Targets Rammed 4 | . 4 Kicked . | . . Crushed 1 | . 1 Highest Temperature 324 | . 324 Average Temperature 90 | . 90 Received Heat Transfer 240 | . 240 Effects 1 | . 1 Energy Bleed 1 | . 1 Siege Activations . | . . Martial Activations . | . . Shielding Activations . | . . Robots Disrupted . | . . Combat Hostiles . | . . Robots Corrupted . | . . Combat Hostiles . | . . Parts Fried . | . . Impact Corruptions . | . . Robots Melted 1 | . 1 Combat Hostiles 1 | . 1 Parts Melted 3 | . 3 Heat Transferred 2516 | . 2516 Parts Sabotaged . | . . Parts Stolen . | . . Parts Stripped . | . . Power Chain Reactions . | . . Alert | -11 -10 ------- Run | Yrd Mat Maximum Alert Level 1 | . 1 Low Security (%) 94 | . 94 Level 1 5 | . 5 Level 2 . | . . Level 3 . | . . Level 4 . | . . Level 5 . | . . High Security . | . . Max Security . | . . Peak Influence 217 | . 217 Initial . | . . Average 81 | . 81 Influence Increases 620 | . 620 Destroy 0b10 Robot/C 320 | . 320 Destroy 0b10 Robot/NC 35 | . 35 Destroy Leader 68 | . 68 Successful Hack 14 | . 14 Disable Machine 120 | . 120 Destroy Structure 63 | . 63 Influence Decreases 447 | . 447 Time Decay 437 | . 437 Lost Part 10 | . 10 Squads Dispatched 3 | . 3 Investigation 2 | . 2 Extermination . | . . Reinforcement 1 | . 1 Assault . | . . Garrison . | . . Intercept . | . . Searches Triggered . | . . Construction Impeded . | . . Haulers Reinforced . | . . Active Scanning Responses . | . . Cargo Convoy Interrupts . | . . Stealth | -11 -10 --------- Run | Yrd Mat Distress Signals 1 | . 1 Communications Jammed . | . . Distress Signals . | . . Times Spotted 26 | . 26 Peak Tracking Total 5 | . 5 Tactical Retreats . | . . Traps | -11 -10 ------- Run | Yrd Mat Traps Triggered 1 | . 1 Indirectly . | . . Trap Hack Attempts . | . . Triggered . | . . Disarmed . | . . Reprogrammed . | . . Reused . | . . Traps Extracted . | . . Installed . | . . Triggered . | . . Machines | -11 -10 ---------- Run | Yrd Mat Machines Disabled 8 | . 8 Max in Single Turn 3 | . 3 Machines Repaired . | . . Machines Dismantled . | . . Machines Sabotaged . | . . Overloaded Fab Kills . | . . Hacking | -11 -10 --------- Run | Yrd Mat Machines Accessed 8 | . 8 Terminals 7 | . 7 Fabricators . | . . Repair Stations 1 | . 1 Recycling Units . | . . Scanalyzers . | . . Garrison Access . | . . Total Hacks 23 | . 23 Successful 4 | . 4 Failed 19 | . 19 Catastrophic 1 | . 1 Database Lockouts . | . . Manual 2 | . 2 Terminals 21 | . 21 Fabricators . | . . Repair Stations 2 | . 2 Recycling Units . | . . Scanalyzers . | . . Garrison Access . | . . Terminal Hacks 3 | . 3 Prototype ID Bank 1 | . 1 Locate Traps 1 | . 1 Hauler Manifests 1 | . 1 Fabricator Hacks . | . . Repair Station Hacks 1 | . 1 Scan Component 1 | . 1 Recycling Unit Hacks . | . . Scanalyzer . | . . Garrison Access Hacks . | . . Unauthorized Hacks . | . . Terminals . | . . Fabricators . | . . Repair Stations . | . . Recycling Units . | . . Scanalyzers . | . . Garrison Access . | . . Data Cores Recovered . | . . Used . | . . Hacking Detections 7 | . 7 Full Trace Events 3 | . 3 Feedback Events . | . . Feedback Blocked . | . . Robot Schematics Acquired . | . . Robots Built . | . . Authchips . | . . Time . | . . Total Robot Build Rating . | . . Part Schematics Acquired . | . . Parts Built . | . . Authchips . | . . Time . | . . Total Part Build Rating . | . . Part Studies Acquired . | . . Parts Repaired . | . . Time . | . . Parts Recycled . | . . Recycled Matter . | . . Retrieved Matter . | . . Retrieved Components . | . . Parts Scanalyzed . | . . Part Schematics Acquired . | . . Parts Damaged . | . . Bothacking | -11 -10 ------------ Run | Yrd Mat Used RIF Installer . | . . Robots Hacked . | . . Non-combat . | . . Combat . | . . Robot Hacks Applied . | . . Relay Couplers Released . | . . Fabnet Peak Effective % . | . . Robots Rewired . | . . Allies Hacked . | . . Hacks Repelled . | . . Allies | -11 -10 -------- Run | Yrd Mat Total Allies . | . . Largest Group . | . . Highest-Rated Group . | . . Highest-Rated Ally . | . . Total Orders . | . . Ally Attacks . | . . Total Damage . | . . Kills . | . . Allies Corrupted . | . . Allies Melted . | . . Intel | -11 -10 ------- Run | Yrd Mat Active Infowar (turns) 456 | . 456 T.N.C. 456 | . 456 Robot Analysis Total . | . . Derelict Logs Recovered . | . . Drone Launches . | . . Drone Recoveries . | . . Exploration | -11 -10 ------------- Run | Yrd Mat Turns Passed 1473 | . 1473 Spaces Moved 750 | 1 749 Core . | . . Treads 662 | . 662 Legs 88 | 1 87 Wheels . | . . Hover . | . . Flight . | . . Fastest Speed 120 | 120 120 Average Speed 155 | 120 155 Slowest Speed 160 | 120 160 Overloaded Moves . | . . Propulsion Burnouts . | . . Robots Hopped . | . . Potential Cave-ins . | . . Cave-ins Triggered . | . . Exploration Rate (%) 49 | 2 96 Regions Visited 1 Branch Regions . Pre-discovered Areas . | . . Known Exits Taken . | . . Unknown Exits Taken 1 | 1 . Scrap Searched . | . . Spaces Dug . | . . Terrain Destroyed 73 | . 73 Melee . | . . Projectile . | . . AOE 73 | . 73 Terrain Rammed . | . . Walls Destroyed . | . . Machines Disabled . | . . Actions | -11 -10 --------- Run | Yrd Mat Total 914 | . 914 Wait 49 | . 49 Move 749 | . 749 Hop . | . . Pick Up 11 | . 11 Fast Attach 3 | . 3 Attach 4 | . 4 Detach . | . . Swap 11 | . 11 Drop 10 | . 10 Fire 73 | . 73 Melee . | . . Ram . | . . Kick . | . . Crush 4 | . 4 Escape Stasis . | . . Rewire . | . . Trap . | . . Miscellaneous . | . . Route ------- -11/Scrapyard -10/Materials (discovered 5 exits: [*Mat x3] / [*Min] / [*Sub]) History --------- Turn | Location | Event 1 | -11/Scrapyard | Discovered new exit (range 0) 1 | -11/Scrapyard | Entered Materials 212 | -10/Materials | Discovered new exit (range 6) 303 | -10/Materials | Build established: Mutant 393 | -10/Materials | Discovered new exit (range 10) 451 | -10/Materials | Discovered new exit (range 3) 964 | -10/Materials | Discovered new exit (range 7) 1119 | -10/Materials | Core integrity fell below 50% 1465 | -10/Materials | Discovered new exit (range 7) 1474 | -10/Materials | Made a sacrifice at D.C.S.S. Altar Unit 1474 | -10/Materials | Sacrificed to X0-1V1 Last Messages --------------- 01254_ Nuclear Reactor explodes. 01254_ Lgt. Treads destroyed. 01254_ Destroyed Lgt. Treads. 01255_ U-05 Engineer lays Concrete. 01256_ U-05 Engineer builds a Wall. 01264_ The unstable cave ceiling collapses. 01266_ U-05 Engineer lays Concrete. 01273_ The unstable cave ceiling collapses. 01273_ K-01 Serf collects debris. 01274_ U-05 Engineer builds a Wall. 01274_ Slammed into U-05 Engineer. 01276_ U-05 Engineer lays Concrete. 01277_ K-01 Serf collects debris. 01277_ U-05 Engineer builds a Wall. 01283_ K-01 Serf collects debris. 01285_ U-05 Engineer builds a Wall. 01295_ Slammed into K-01 Serf. 01306_ Acquired 6 matter. 01465_ EXIT=FOUND 01474_ Connecting with D.C.S.S. Altar Unit... Map ----- +----------------------------------------------------+ | # #??#"T # * + """ + | | ???#####??#"" ##+########## """ # | | ??????????#"" # #??# """ # | | ??????????# # #??# # | | ??????????########## !! ########+## | | ???????????????????# !! ## #^ | | ???????????????????########### #^ | | ???????????????????# ## # | | ???????????????????# """ ## # | | ???????????????????# """ ## + | | ???????????????????# """ ## # | | ???????????????????# ## # | | ???????????????????# ## # | | ???????????????????# "T" ## # | | ???????????????????# """ ########### | | ???????????????????# #?????????# | | ????##################+###########????## | | ????# #?????# | | ????# < #?????# | | ????# #?????# | | ?????##### ### ############## #?????# | | ?????????# # #??# # #?????# | | ?????????# # #??#"" # #?????# | | ?????????# # #??#"Y + ####### | | ???####### # #??#"" # | | ??? # # @ ##??# # | | ??"""" # ###X##<#??# ?# """" " | | ??"""" # #?###?##??######?# "" " " | | ??"""" # ##############???# """ %" | | ?""""" # # #???# | | ?""""" # #= ! #???# | | ?""""" # #=|= ##### | | #""""" + +|= + | | # # # """T""" # | | ?######### ############## ## | | ??# # # #?????# # | | ??# # # [#?????# # | | ??# + + #?????# ##### ## | | ??# # # """ !#?????# #??## | | ??# ! # # """ #?????# #???# | | ??# ?####?""" #?????# #???# | | ??######??????######?????# ########+# | | ?????????????????????????# ## | | ?????????????????????????#+##+## | | ???????????????????????????^???# """"" | | ???????????????????????????????# """"" | | ???????????????????????????????# """"" | | ???????????????????????????????# | | ???????????????????????????????# | | ???????????????????????????????# | +----------------------------------------------------+ Best States ------------- Heat Dissipation 39 Energy Generation 10 Energy Capacity 250 Matter Stores 300 Matter Capacity 300 Sight Range 16 Terrain Scan Density 10 Evasion (%) 55 Recoil Reduction 2 Item Schematics ----------------- None Robot Schematics ------------------ None Fabricated ------------ Nothing Repaired ---------- Nothing Studied --------- None Alien Tech Used ----------------- None Achievements -------------- Shopping List Challenges ------------ None Game ------ Seed LayeredDroneMace Manual? 0 Play Time 00:11:14 Cumulative 0.5 hours Start 2026.09.15 @ 10:52:24 End 2026.09.15 @ 11:00:38 Sessions 1 Manual Loads 0 Difficulty Rogue Special Mode None Game No. 4 Rogue 4 Adventurer 0 Explorer 0 Win Type - Total 0 Types 0/0/0/0/0/0/0/0/0/0 Lore% 3 Gallery% 8 Achievement% 10 Wizard Run 0 Options --------- Layout 1 ASCII 0 Keyboard 0 Movement Mouse Keybinds 0 Fullscreen 1 Font 24/Smallcaps Map View 50x35 Zoom Use 0% Tactical HUD 1 Map Filters NONE Filters NONE Steam 0 RUN: 5d8b722c-2b5a-496a-85e0-207d0badce24